 Dungeon Crawl Stone Soup version 0.28.0-53-g5a82cb258f (webtiles) character file.

Game seed: 18232104880007727086

372386 cbfl8 the Conqueror (level 21, -3/224 HPs)
             Began as a Minotaur Berserker on Sept 6, 2022.
             Was the Champion of Trog.
             Killed by the air
             ... invoked by a spriggan air mage
             ... led by a spriggan defender
              (24 damage)
             ... on level 2 of the Depths.
             The game lasted 01:37:57 (67720 turns).

cbfl8 the Conqueror (Minotaur Berserker)           Turns: 67720, Time: 01:37:58

Health: -3/224     AC: 40    Str: 27    XL:     21   Next: 72%
Magic:  20/20      EV: 16    Int:  6    God:    Trog [******]
Gold:   4952       SH:  5    Dex: 17    Spells: 20/20 levels left

rFire   + . .      SeeInvis .   W - +9 executioner's axe (flame)
rCold   + . .      Faith    .   (shield currently unavailable)
rNeg    . . .      Spirit   .   t - +9 plate armour of Mubiqu {Harm Rampage rElec}
rPois   +          Reflect  +   J - +2 hat
rElec   +          Harm     +   Q - +2 cloak {Stlth+}
rCorr   .          Rampage  +   U - +2 pair of gloves {Stlth+}
Will    ++...                   S - +2 pair of boots of Liberty {rC++ Str+3}
Stlth   +.........              F - amulet of reflection
HPRegen 0.47/turn               H - ring of Louch {Fire rElec rPois Int+2 Dex-2}
MPRegen 0.17/turn               O - ring "Opolomn" {Will+ Stlth+}

@: studying Short Blades
A: horns 2, retaliatory headbutt
}: 2/15 runes: serpentine, barnacled
a: Renounce Religion, Berserk, Trog's Hand, Brothers in Arms


You were on level 2 of the Depths.
You worshipped Trog.
Trog was exalted by your worship.
You visited 8 branches of the dungeon, and saw 37 of its levels.
You also visited: Trove, Bailey and Desolation.

You collected 5236 gold pieces.
You spent 284 gold pieces at shops.

Inventory:

Hand Weapons
 G - the +12 battleaxe of the Ghost {protect, Str+3 Dex+5}
   (You found it in the Desolation of Salt)

   It grants its wielder temporary protection when it strikes (+7 to AC).
   Str:       It affects your strength (+3).
   Dex:       It affects your dexterity (+5).
 W - a +9 executioner's axe of flaming (weapon)
Missiles
 h - 4 throwing nets
Armour
 t - the +9 plate armour of Mubiqu (worn) {Harm Rampage rElec}
   (You found it on level 2 of the Vaults)

   rElec:     It insulates you from electricity.
   Harm:      It increases damage dealt and taken.
   Rampage:   It bestows one free step when moving towards enemies.
 J - a +2 hat (worn)
 Q - a +2 cloak of stealth (worn)
 S - the +2 pair of boots of Liberty (worn) {rC++ Str+3}
   (You found it in a treasure trove)

   Str:       It affects your strength (+3).
   rC:        It greatly protects you from cold.
 U - a +2 pair of gloves of stealth (worn)
Jewellery
 j - the ring "Facekeuc" {rElec rCorr Dex+9 Slay-5 SInv}
   (You acquired it on level 5 of the Lair of Beasts)

   [ring of see invisible]

   Dex:       It affects your dexterity (+9).
   Slay:      It affects your accuracy & damage with ranged weapons and melee
   (-5).
   rElec:     It insulates you from electricity.
   SInv:      It lets you see invisible.
   rCorr:     It protects you from acid and corrosion.
 p - a +4 ring of evasion
 s - a +6 ring of dexterity
 F - an amulet of reflection (around neck)
 H - the ring of Louch (left hand) {Fire rElec rPois Int+2 Dex-2}
   (You found it in the Desolation of Salt)

   [ring of fire]

   It enhances your fire magic.
   Int:       It affects your intelligence (+2).
   Dex:       It affects your dexterity (-2).
   rF:        It protects you from fire.
   rC:        It makes you vulnerable to cold.
   rElec:     It insulates you from electricity.
   rPois:     It protects you from poison.
 I - the ring "Hero's Friend" {EV+4 Int+2}
   (You found it in a treasure trove)

   [ring of evasion]

   EV:        It affects your evasion (+4).
   Int:       It affects your intelligence (+2).
 O - the ring "Opolomn" (right hand) {Will+ Stlth+}
   (You found it in a treasure trove)

   [ring of willpower]

   Will:      It increases your willpower.
   Stlth:     It makes you more stealthy.
Wands
 l - a wand of flame (19) (quivered)
 r - a wand of acid (3)
 B - a wand of mindburst (7)
 E - a wand of paralysis (4)
 Y - a wand of digging (14)
 Z - a wand of polymorph (4)
Scrolls
 b - 2 scrolls of blinking
 g - 4 scrolls of summoning
 k - 2 scrolls of noise
 o - 7 scrolls of immolation
 q - 9 scrolls of fog
 u - 5 scrolls of enchant weapon
 w - a scroll of brand weapon
 x - 6 scrolls of teleportation
 C - a scroll of silence
 M - 3 scrolls of fear
 R - a scroll of holy word
Potions
 c - 3 potions of resistance
 d - 5 potions of might
 e - 3 potions of attraction
 f - 4 potions of cancellation
 i - a potion of flight
 m - 2 potions of berserk rage
 n - 5 potions of mutation
 v - 2 potions of magic {unknown}
 z - 2 potions of curing
 A - 4 potions of lignification
 L - 3 potions of ambrosia
 P - 5 potions of haste
 V - 4 potions of invisibility {unknown}
Miscellaneous
 y - a tin of tremorstones (2/2)
 D - a phantom mirror
 K - a phial of floods


   Skills:
 O Level 27 Fighting
 - Level 24.0 Axes
 + Level 0.9 Throwing
 + Level 17.8 Armour
 * Level 15.9 Dodging
 + Level 3.4 Stealth
 + Level 7.1 Shields
 * Level 14.1 Evocations


You had 20 spell levels left.
You didn't know any spells.
Your spell library was empty.

Dungeon Overview and Level Annotations

Branches:
Dungeon (15/15)            Temple (0/1) D:6            Lair (6/6) D:11
 Shoals (4/4) Lair:2        Snake (4/4) Lair:3        Slime (0/5) Lair:5
    Orc (2/2) D:9             Elf (0/3) Orc:2        Vaults (3/5) D:14
  Crypt (0/3) Vaults:2     Depths (2/4) D:15           Hell (visited)
 Bailey (visited)         Desolation (visited)
    Dis: Hell:1         Geh: Hell:1         Coc: Hell:1         Tar: Hell:1

Altars:
Cheibriados
Elyvilon
Fedhas
Gozag
Kikubaaqudgha
Makhleb
Okawaru
Ru
Uskayaw
Vehumet
Xom
The Shining One
Jiyva

Shops:
D:1 (   D:6 =   D:10 !   Orc:2 :?*(   Snake:1 (   Snake:4 :

Portals:
Hell: Lair:6 Depths:1 Depths:2
Abyss: Depths:2
Pandemonium: Depths:2

Annotations:
D:8 3 runed translucent doors, Gurantaxtaxq's ghost, novice BaSu
D:9 exclusion: ice statue
Lair:3 3 runed translucent doors, exclusion: oklob plant, Befuwnopp's ghost, journeyman TrHu
Lair:5 1 runed translucent door
Shoals:4 Roxanne
Hell Geryon


Innate Abilities, Weirdness & Mutations

You have a pair of horns on your head.
You reflexively headbutt those who attack you in melee.


Message History

The spriggan air mage hits you but does no damage.
Space warps around you.
The hell knight gestures wildly while chanting.
The hell knight blinks!
As you read the scroll of teleportation, it crumbles to dust.
You feel strangely unstable.
The hell knight's soul is no longer bound.
The spriggan air mage waves its arms in wide circles.
The air twists around and strikes you!
* * * LOW HITPOINT WARNING * * *
The spriggan air mage hits you with a +2 flail of distortion!
* * * LOW HITPOINT WARNING * * *
You blink.
As you read the scroll of teleportation, it crumbles to dust.
You feel strangely stable.
The necromancer's soul is no longer bound.
The spriggan air mage waves its arms in wide circles.
The air twists around and strikes you.
* * * LOW HITPOINT WARNING * * *
The spriggan air mage waves its arms in wide circles.
The air twists around and strikes you!
* * * LOW HITPOINT WARNING * * *
The necromancer gestures wildly while chanting.
The necromancer binds the souls of nearby monsters.
You hear a shout!
You feel better.
The spriggan air mage's soul is no longer bound.
The necromancer simulacrum hits you but does no damage.
The hell knight hits you from afar with a +5 demon trident!!
* * * LOW HITPOINT WARNING * * *
You feel better.
The spriggan rider's soul is no longer bound.
The hell knight casts a spell.
The hell knight blinks!
The spriggan air mage waves its arms in wide circles.
The air twists around and strikes you.
You block the necromancer simulacrum's attack.
The spriggan air mage waves its arms in wide circles.
The air twists around and strikes you!!
You die... ....#....#....# *)*.i .. ....#....#....# .**. .. ....#.#..#..(### *pp

#p. ..:.#.##.###'..# ###
#';##p'p ....##.8..#.p.)##
...##..Tp'p# #....#.#..##....##
...'§.8iii## #..'##.##..#...).##
...''.yii.##
###'.##....##..⌠..### p##.QC###.
#....#.....##..@Zp.#+Z####'C#...
#....##....###.ii§)#.......i#...
##....##..''###.i))pi.≈.8≈§.''[.
#...§.###''..###)#)...≈≈....#.#
##..≈≈.###.....###..........###
##.§.§§##.(.....############..
##§.≈§.##...#.......##.......
##<.8§.##..##8#.)..''....#⌠#
##†.§≈§###...##...''...##..


You could see a hell knight (fast, soul bound), 2 spriggan riders, 2 spriggan
air magi, 2 necromancers and a necromancer simulacrum.

Vanquished Creatures
  Sojobo (Vaults:3)
  Margery (Vaults:3)
  Frederick (Vaults:2)
  Nikola (Shoals:1)
  A walking earthen tome (Depths:2)
  Jorgrun (D:15)
  A lich (Depths:2)
  Polyphemus (Shoals:3)
  3 sphinxes
  Ilsuiw (Shoals:4)
  3 tengu reavers
  11 nagarajas
  4 fire giants
  2 frost giants
  2 orc warlords
  2 imperial myrmidons (Desolation)
  Aizul (Shoals:1)
  7 vault wardens
  Louise (D:14)
  6 spriggan defenders (Depths:2)
  11 ironbound preservers
  5 stone giants
  5 ironbound thunderhulks
  10 very ugly things
  2 war gargoyles (Vaults:2)
  A vampire knight (Depths:2)
  16 dire elephants
  2 entropy weavers
  7 spark wasps (Depths:2)
  5 ettins
  4 crystal guardians
  3 fire dragons (Depths:2)
  A deep elf death mage (Vaults:2)
  7 ragged hierophants (Desolation)
  2 jiangshi (Vaults:2)
  11 merfolk impalers
  10 merfolk javelineers
  7 great orbs of eyes
  6 yaktaur captains
  3 servants of whispers (Desolation)
  9 vault guards
  Erolcha (Orc:2)
  4 ice dragons
  9 boulder beetles
  18 naga warriors
  6 salamander tyrants
  A rakshasa (Depths:2)
  Harold (D:7)
  9 ironbound frosthearts
  13 centaur warriors
  10 peacekeepers
  10 hydras
  6 catoblepae
  A spriggan air mage (Depths:2)
  7 merfolk avatars
  12 anacondas
  14 two-headed ogres
  6 merfolk aquamancers
  3 death yaks (Shoals:3)
  3 satyrs
  2 ogre magi (Orc:2)
  A vampire mage (Depths:2)
  6 deep troll shamans
  3 deep troll earth magi (Depths:2)
  2 tengu warriors (Depths:1)
  A spriggan berserker (Depths:2)
  7 shock serpents
  9 naga sharpshooters
  7 spriggans (Depths:2)
  20 hell knights
  5 salamander mystics
  A sun demon (Lair:6)
  4 iron trolls (Depths:2)
  A skeletal warrior (Vaults:2)
  7 sea snakes
  47 deep trolls
  A glowing orange brain (D:15)
  3 ironbound convokers
  6 naga ritualists
  4 necromancers (Depths:2)
  5 lindwurms
  8 wizards
  3 phantasmal warriors (Snake:1)
  10 orc knights
  3 deep elf pyromancers
  8 mana vipers
  21 harpies
  A wolf spider (Lair:5)
  An orc sorcerer (Orc:2)
  22 slime creatures
  39 ugly things
  6 cyclopes
  15 fauns
  14 elephants
  8 naga magi
  Joseph (D:7)
  17 manticores
  16 salamanders
  40 black mambas
  5 vault sentinels
  10 merfolk sirens
  A rust devil (Depths:1)
  10 water nymphs
  11 guardian serpents
  3 orange demons (Lair:6)
  2 gargoyles
  2 torpor snails (Lair:6)
  18 cane toads
  A yaktaur (shapeshifter) (D:14)
  2 unseen horrors
  A freezing wraith (D:14)
  2 efreet
  A komodo dragon (shapeshifter) (Depths:1)
  4 rime drakes
  31 yaktaurs
  A spectral naga (Snake:2)
  13 komodo dragons
  A hellwing (Lair:6)
  12 trolls
  2 ice devils (Lair:6)
  3 meliai (Lair:4)
  23 merfolk
  A queen bee (Lair:4)
  7 wind drakes
  7 hornets (Depths:2)
  9 blink frogs (Lair:6)
  Prince Ribbit (D:8)
  46 saltlings (Desolation)
  6 polar bears
  15 dream sheep
  A tarantella (Lair:5)
  6 snapping turtles
  Sigmund (D:7)
  7 wyverns
  A jumping spider (Lair:5)
  A wraith (D:12)
  12 water elementals
  7 basilisks
  A vampire (D:10)
  2 fire bats (D:11)
  45 yaks
  Grum (Bailey)
  4 fire elementals (D:11)
  5 redbacks
  5 vampire mosquitoes
  A steam dragon (D:7)
  2 wargs
  Edmund (D:7)
  23 nagas
  2 acid dragons
  16 water moccasins
  A floating eye (shapeshifter) (D:14)
  5 hell hounds (Lair:6)
  A hornet zombie (D:7)
  An ice beast (D:7)
  21 orc warriors
  4 sky beasts
  5 black bears
  A necrophage (D:4)
  23 ogres
  14 wolves
  40 centaurs
  A phantom (D:7)
  4 kobold brigands
  10 bullfrogs
  11 gnoll sergeants
  A wyvern zombie (D:5)
  A water moccasin zombie (D:7)
  A water moccasin skeleton (D:5)
  17 killer bees
  26 wights
  An electric eel (Lair:2)
  8 howler monkeys
  2 bullfrog zombies (D:6)
  A centaur zombie (D:10)
  2 lava snakes (Lair:5)
  2 jellies (D:5)
  5 hounds
  16 orc priests
  6 gnoll shamans (Bailey)
  2 iguanas
  16 orc wizards
  5 hell rats (Lair:6)
  A hound skeleton (D:4)
  2 howler monkey zombies (D:5)
  21 gnolls
  7 adders
  A shadow imp (D:4)
  2 ufetubi
  2 worms (D:2)
  4 dart slugs
  65 orcs
  7 ball pythons
  3 endoplasms
  2 giant cockroaches
  7 goblins
  4 hobgoblins
  16 kobolds
  3 quokkas
  4 bats
  3 frilled lizards
  2 rats
  A plant (Lair:5)
1493 creatures vanquished.

Vanquished Creatures (collateral kills)
  A golden dragon (Depths:2)
  A merfolk javelineer (Shoals:4)
  A merfolk avatar (Shoals:3)
3 creatures vanquished.

Vanquished Creatures (others)
  A guardian serpent (Desolation)
  15 fungi
  154 plants
170 creatures vanquished.

Grand Total: 1666 creatures vanquished

Notes
Turn   | Place    | Note
-------+----------+-------------------------------------------
     0 | D:1      | cbfl8 the Minotaur Berserker began the quest for the Orb.
     0 | D:1      | Reached XP level 1. HP: 19/19 MP: 0/0
    51 | D:1      | Found Isusyn's Weapon Boutique.
   294 | D:1      | Reached XP level 2. HP: 27/27 MP: 1/1
   307 | D:1      | Reached skill level 4 in Fighting
   892 | D:2      | Reached XP level 3. HP: 33/33 MP: 2/2
   959 | D:2      | Found a faded altar of an unknown god.
  1130 | D:2      | Reached ** piety under Trog
  1291 | D:2      | Reached XP level 4. HP: 34/41 MP: 3/3
  2901 | D:4      | Noticed a centaur
  2910 | D:4      | Killed a centaur
  2911 | D:4      | Reached skill level 5 in Fighting
  2911 | D:4      | Reached skill level 5 in Axes
  2911 | D:4      | Reached skill level 1 in Evocations
  2911 | D:4      | Reached XP level 5. HP: 15/48 MP: 4/4
  3361 | D:4      | Noticed an ogre
  3366 | D:4      | Killed an ogre
  3367 | D:4      | Reached XP level 6. HP: 45/56 MP: 5/5
  4041 | D:5      | Entered Level 5 of the Dungeon
  4122 | D:5      | Reached XP level 7. HP: 34/61 MP: 6/6
  4277 | D:5      | Found a blossoming altar of Fedhas.
  4471 | D:5      | Reached XP level 8. HP: 50/70 MP: 7/7
  4624 | D:5      | Reached skill level 6 in Fighting
  5252 | D:6      | Found Esom's Jewellery Shoppe.
  5457 | D:6      | Reached *** piety under Trog
  5741 | D:6      | Reached skill level 10 in Axes
  6220 | D:6      | Found a snail-covered altar of Cheibriados.
  6235 | D:6      | Reached skill level 7 in Fighting
  6235 | D:6      | Reached skill level 5 in Armour
  6647 | D:6      | Found a staircase to the Ecumenical Temple.
  6655 | D:6      | Reached XP level 9. HP: 78/79 MP: 8/8
  6809 | D:7      | Reached skill level 8 in Fighting
  6809 | D:7      | Noticed Harold
  7434 | D:7      | Reached skill level 5 in Dodging
  7459 | D:7      | Killed Harold
  7682 | D:7      | Noticed Sigmund
  7691 | D:7      | Killed Sigmund
  7692 | D:7      | Reached XP level 10. HP: 80/90 MP: 9/9
  7744 | D:7      | Noticed Edmund
  7751 | D:7      | Killed Edmund
  7824 | D:7      | Reached **** piety under Trog
  7900 | D:7      | Noticed Joseph
  7914 | D:7      | Killed Joseph
  8107 | D:7      | Found a radiant altar of Vehumet.
  8684 | D:8      | Noticed Prince Ribbit
  8693 | D:8      | Killed Prince Ribbit
  8694 | D:8      | Reached skill level 9 in Fighting
  8970 | D:8      | Found a shimmering altar of Xom.
  9027 | D:8      | Found a glowing golden altar of the Shining One.
  9036 | D:8      | Found a sacrificial altar of Ru.
  9177 | D:8      | Found a runed translucent gate.
  9178 | D:8      | Found a runed translucent gate.
  9179 | D:8      | Found a runed translucent gate.
  9181 | D:8      | Found an opulent altar of Gozag.
  9182 | D:8      | Noticed a fire dragon
  9182 | D:8      | Noticed Gurantaxtaxq's ghost (novice BaSu)
  9182 | D:8      | Noticed a white ugly thing
  9476 | D:9      | Found a flagged portal.
  9480 | D:9      | Noticed an ice statue
  9516 | D:9      | Found an ancient bone altar of Kikubaaqudgha.
  9534 | Bailey   | Entered a bailey
 10480 | Bailey   | Noticed Grum
 10494 | Bailey   | Killed Grum
 11145 | D:9      | Reached skill level 5 in Evocations
 11316 | D:9      | Reached XP level 11. HP: 81/97 MP: 10/10
 11318 | D:9      | Reached ***** piety under Trog
 11441 | D:9      | Found a staircase to the Orcish Mines.
 11544 | D:9      | Reached skill level 10 in Fighting
 11880 | D:10     | Entered Level 10 of the Dungeon
 11880 | D:10     | Noticed a two-headed ogre
 11880 | D:10     | Found Edejelom's Distillery.
 11886 | D:10     | Killed a two-headed ogre
 11889 | D:10     | Found an iron altar of Okawaru.
 12394 | D:10     | Noticed a two-headed ogre
 12399 | D:10     | Killed a two-headed ogre
 12654 | D:10     | Found a portal to a secret trove of treasure.
 12850 | D:10     | Noticed a three-headed hydra
 12858 | D:10     | Killed an eight-headed hydra
 12859 | D:10     | Reached skill level 15 in Axes
 13115 | D:10     | Found a white marble altar of Elyvilon.
 13366 | D:11     | Found a staircase to the Lair.
 13384 | D:11     | Reached skill level 11 in Fighting
 13384 | D:11     | Noticed a two-headed ogre
 13614 | D:11     | Killed a two-headed ogre
 13649 | D:11     | Noticed a two-headed ogre
 13655 | D:11     | Killed a two-headed ogre
 13656 | D:11     | Reached XP level 12. HP: 101/110 MP: 11/11
 14899 | D:12     | Noticed a six-headed hydra
 14911 | D:12     | Killed a 13-headed hydra
 15724 | D:10     | You paid a toll of +4 fire dragon scales to enter a
                  | treasure trove
 15725 | Trove    | Entered a treasure trove
 15733 | Trove    | Identified the ring "Hero's Friend" {EV+4 Int+2}
 15735 | Trove    | Identified the +7 chain mail "Ziel" {Str+7}
 15751 | Trove    | Identified the +2 pair of boots of Liberty {rC++ Str+3}
 15752 | Trove    | Identified the ring "Opolomn" {Will+ Stlth+}
 15758 | Trove    | Identified the +5 kite shield "Wytotuisch" {rC++ Int-3
                  | Dex+5}
 15952 | D:12     | Noticed a boulder beetle
 15962 | D:12     | Killed a boulder beetle
 15963 | D:12     | Reached skill level 1 in Stealth
 16178 | D:12     | Received a gift from Trog
 16256 | D:12     | Noticed a two-headed ogre
 16262 | D:12     | Killed a two-headed ogre
 16407 | D:13     | Noticed a boulder beetle
 16415 | D:13     | Killed a boulder beetle
 16712 | D:13     | Noticed a centaur warrior
 16721 | D:13     | Killed a centaur warrior
 16840 | D:13     | Reached skill level 12 in Fighting
 17198 | D:13     | Noticed a boulder beetle
 17206 | D:13     | Killed a boulder beetle
 17397 | D:13     | Noticed a centaur warrior
 17403 | D:13     | Reached skill level 10 in Armour
 17404 | D:13     | Killed a centaur warrior
 17753 | D:14     | Noticed a centaur warrior
 17762 | D:14     | Killed a centaur warrior
 17941 | D:14     | Identified the +5 flail of Ummais {vorpal, Dex+3}
 17941 | D:14     | Noticed a centaur warrior
 18078 | D:14     | Noticed a catoblepas
 18105 | D:14     | Killed a catoblepas
 18202 | D:14     | Found a hide-covered altar of Uskayaw.
 18232 | D:14     | Noticed a centaur warrior
 18262 | D:14     | Reached XP level 13. HP: 102/119 MP: 12/12
 19299 | D:14     | Noticed Louise
 19311 | D:14     | Killed Louise
 19312 | D:14     | Reached skill level 13 in Fighting
 19849 | D:14     | Found a gate to the Vaults.
 19931 | D:15     | Entered Level 15 of the Dungeon
 19931 | D:15     | Noticed Jorgrun
 19933 | D:15     | Received a gift from Trog
 19945 | D:15     | Killed Jorgrun
 20658 | D:15     | Found a staircase to the Depths.
 20658 | D:15     | Noticed a dire elephant
 20682 | D:15     | Killed a dire elephant
 21166 | D:15     | Reached XP level 14. HP: 109/130 MP: 13/13
 21719 | Lair:1   | Entered Level 1 of the Lair of Beasts
 22615 | Lair:2   | Identified the ring "Cioho" {Wiz rF+}
 22628 | Lair:2   | Found a burning altar of Makhleb.
 22704 | Lair:2   | Received a gift from Trog
 22836 | Lair:2   | Found a staircase to the Shoals.
 23309 | Lair:3   | Reached skill level 14 in Fighting
 23398 | Lair:3   | Found a runed translucent gate.
 23399 | Lair:3   | Found a runed translucent gate.
 23400 | Lair:3   | Found a runed translucent gate.
 23402 | Lair:3   | Noticed Befuwnopp's ghost (journeyman TrHu)
 23845 | Lair:3   | Found a staircase to the Snake Pit.
 25012 | Lair:4   | Reached skill level 10 in Dodging
 25471 | Lair:5   | Reached skill level 15 in Fighting
 25697 | Lair:5   | Received a gift from Trog
 25886 | Lair:5   | Found a runed translucent door.
 26110 | Lair:5   | Found a runed translucent door.
 26306 | Lair:5   | Found a viscous altar of Jiyva.
 26308 | Lair:5   | Found a staircase to the Slime Pits.
 26510 | Lair:5   | Identified the +11 whip of the Devouring Asp {antimagic,
                  | rElec rF+ Dex+3}
 26520 | Lair:5   | Found a runed translucent gate.
 26520 | Lair:5   | Found a runed translucent gate.
 26520 | Lair:5   | Found a runed translucent gate.
 26520 | Lair:5   | Found a runed translucent gate.
 26527 | Lair:5   | Found a runed translucent gate.
 26531 | Lair:5   | Found a runed translucent gate.
 26815 | Lair:5   | Identified a scroll of acquirement
 26817 | Lair:5   | Acquired the ring "Facekeuc" {rElec rCorr Dex+9 Slay-5
                  | SInv}
 26867 | Lair:6   | Entered Level 6 of the Lair of Beasts
 26894 | Lair:6   | Reached skill level 16 in Fighting
 26939 | Lair:6   | Reached XP level 15. HP: 140/144 MP: 14/14
 27335 | Lair:6   | Reached ****** piety under Trog
 27345 | Lair:6   | Received a gift from Trog
 27824 | Lair:6   | Reached skill level 17 in Fighting
 27948 | Lair:6   | Found a burning altar of Makhleb.
 28324 | Lair:6   | Received a gift from Trog
 28721 | Lair:6   | Found a gateway to Hell.
 28739 | Hell     | Entered the Vestibule of Hell
 28739 | Hell     | Noticed Geryon
 28937 | Orc:1    | Entered Level 1 of the Orcish Mines
 29036 | Orc:2    | Entered Level 2 of the Orcish Mines
 29065 | Orc:2    | Noticed Erolcha
 29089 | Orc:2    | Killed Erolcha
 29617 | Orc:2    | Found Yfafeblits's Magic Scroll Shoppe.
 29631 | Orc:2    | Received a gift from Trog
 29632 | Orc:2    | Reached skill level 18 in Fighting
 29677 | Orc:2    | Found Zupupn's Book Emporium.
 29895 | Orc:2    | Found Miacwuy's Assorted Antiques.
 29902 | Orc:2    | Bought a scroll of teleportation for 51 gold pieces
 29902 | Orc:2    | Bought a scroll of blinking for 127 gold pieces
 29902 | Orc:2    | Bought a scroll of identify for 34 gold pieces
 29934 | Orc:2    | Found Cuasub's Antique Weapon Emporium.
 30058 | Orc:2    | Found a staircase to the Elven Halls.
 30404 | Orc:1    | Reached skill level 19 in Fighting
 30415 | Orc:1    | Received a gift from Trog
 30782 | Snake:1  | Entered Level 1 of the Snake Pit
 30804 | Snake:1  | Found Ehinlugg's Antique Weapon Boutique.
 30845 | Snake:1  | Reached XP level 16. HP: 139/160 MP: 15/15
 32099 | Snake:1  | Reached skill level 20 in Fighting
 32830 | Snake:2  | Reached skill level 1 in Shields
 32850 | Snake:1  | HP: 8/165 [constriction (1)]
 34162 | Snake:2  | Reached skill level 10 in Evocations
 35511 | Snake:3  | Received a gift from Trog
 36219 | Snake:3  | Reached skill level 21 in Fighting
 36234 | Snake:3  | HP: 8/167 [salamander/arrow (6)]
 36264 | Snake:3  | Paralysed by a naga for 3 turns
 37407 | Snake:3  | Reached XP level 17. HP: 173/173 MP: 16/16
 38087 | Snake:4  | Entered Level 4 of the Snake Pit
 38711 | Snake:4  | Found Mimumo's Book Shoppe.
 39835 | Snake:4  | Reached skill level 22 in Fighting
 40735 | Snake:4  | Received a gift from Trog
 41420 | Snake:4  | Reached skill level 15 in Armour
 41444 | Snake:4  | Got a serpentine rune of Zot
 41683 | Shoals:1 | Entered Level 1 of the Shoals
 42509 | Shoals:1 | Noticed Aizul
 42523 | Shoals:1 | Killed Aizul
 43620 | Shoals:1 | Noticed Nikola
 43632 | Shoals:1 | Killed Nikola
 45125 | Shoals:2 | Reached skill level 23 in Fighting
 45916 | Shoals:2 | Reached XP level 18. HP: 168/188 MP: 17/17
 47200 | Shoals:3 | Reached skill level 5 in Shields
 47324 | Shoals:3 | Received a gift from Trog
 48161 | Shoals:3 | Noticed Polyphemus
 48172 | Shoals:3 | Killed Polyphemus
 48759 | Shoals:3 | Identified the +0 pair of gloves of the Harvest {Int+3
                  | Stlth+}
 48888 | Shoals:4 | Entered Level 4 of the Shoals
 49411 | Shoals:4 | Noticed Ilsuiw
 49771 | Shoals:4 | Killed Ilsuiw
 50081 | Shoals:4 | Identified Roxanne's Collected Works on Stones
 50081 | Shoals:4 | Noticed Roxanne
 51462 | Shoals:4 | Received a gift from Trog
 52204 | Shoals:4 | Got a barnacled rune of Zot
 52518 | Vaults:1 | Entered Level 1 of the Vaults
 52840 | Vaults:1 | Reached skill level 24 in Fighting
 53089 | Vaults:1 | Reached XP level 19. HP: 175/198 MP: 18/18
 53763 | Vaults:1 | Received a gift from Trog
 55499 | Vaults:2 | Found a crumbling gateway.
 55510 | Desolati | Entered the Desolation of Salt
 55884 | Desolati | Identified the +5 scale mail of Lies {Str+4 Stlth+}
 56286 | Desolati | Identified the +6 dagger of Foenuado {freeze, *Noise Int+6}
 56304 | Desolati | Received a gift from Trog
 56563 | Desolati | Identified the +12 battleaxe of the Ghost {protect, Str+3
                  | Dex+5}
 56715 | Desolati | Identified the +5 falchion of Desperation {venom, Will+}
 56853 | Desolati | Identified the ring of Louch {Fire rElec rPois Int+2 Dex-2}
 56868 | Desolati | Identified the +11 fustibalus of the Bespelling Enemy
                  | {vorpal, rElec Will- Str+4 SInv}
 57181 | Desolati | Received a gift from Trog
 57397 | Vaults:2 | Reached skill level 25 in Fighting
 57778 | Vaults:2 | Found a staircase to the Crypt.
 58629 | Vaults:2 | Reached XP level 20. HP: 168/210 MP: 19/19
 59303 | Vaults:2 | Paralysed by a sphinx for 6 turns
 59409 | Vaults:2 | Noticed Frederick
 59414 | Vaults:2 | Killed Frederick
 59725 | Vaults:2 | Received a gift from Trog
 59988 | Vaults:2 | Identified the +9 plate armour of Mubiqu {Harm Rampage
                  | rElec}
 60087 | Vaults:3 | Noticed Sojobo
 60100 | Vaults:3 | Killed Sojobo
 62318 | Vaults:3 | Noticed Margery
 62957 | Vaults:3 | Reached skill level 26 in Fighting
 63028 | Vaults:3 | Reached skill level 15 in Dodging
 63107 | Vaults:3 | Killed Margery
 63111 | Vaults:3 | Received a gift from Trog
 63645 | Orc:2    | Bought a scroll of teleportation for 72 gold pieces
 64128 | Depths:1 | Entered Level 1 of the Depths
 64448 | Depths:1 | Reached XP level 21. HP: 221/221 MP: 20/20
 65642 | Depths:2 | Found a one-way gate to the infinite horrors of the Abyss.
 65840 | Depths:2 | Found a one-way gate leading to the halls of Pandemonium.
 67345 | Depths:2 | Reached skill level 27 in Fighting
 67634 | Depths:2 | Received a gift from Trog
 67680 | Depths:2 | Noticed a golden dragon
 67681 | Depths:2 | Identified the +0 robe "Ezuorel" {Dex+3}
 67697 | Depths:2 | Killed a golden dragon
 67720 | Depths:2 | Killed from afar by a spriggan air mage

Illustrated notes

Levels and vault maps discovered:
D:1:      amcnicky_arrival_feature_with_door, layout_basic, serial_shops, shop,
          corexii_item_surrounded_by_moat
D:2:      layout_loops_cross, nicolae_ecumenical_snake_handling
D:3:      layout_basic, serial_forest, infiniplex_forest_clump_double,
          infiniplex_forest_clump_small, infiniplex_forest_clump_diagonal,
          infiniplex_forest_lined_2, infiniplex_forest_split,
          infiniplex_forest_clump_long
D:4:      layout_gridville, item_on_display_a
D:5:      layout_cave_pools, mainiacjoe_overflow_six_doors_small,
          minmay_strange_pillars, minmay_manual_monstrance
D:6:      layout_loops_ring, kennysheep_slug_shrine,
          minmay_temple_entry_nine_rooms, serial_shops, shop
D:7:      layout_rooms, marbit_many_paths, amethyst_killhole,
          sigmund_edmund_badplayer, uniq_joseph, uniq_harold
D:8:      layout_cave_pools, mainiacjoe_overflow_cross_hatched, minitemple,
          ebering_ghost_gozag, uniq_prince_ribbit1
D:9:      lemuel_ice_statue, layout_irregular_city,
          nicolae_kikubaaqudgha_miasma_corner, orc_0_dummy, enter_bailey_2,
          chequers_arboretum
D:10:     layout_loops_ring, mainiacjoe_overflow_chevrons, kennysheep_mini,
          enter_trove_0, serial_shops, shop, hangedman_ranch
D:11:     minmay_firetagon, layout_rooms, minmay_lair_entry_grove
D:12:     layout_long_grid, moated_statue, kennysheep_path_1
D:13:     minmay_isolated_rectangles_in_corner, layout_loops_cross
D:14:     layout_small_grid, david_vaults_4, nicolae_uskayaw_suspiria,
          uniq_louise
D:15:     hangedman_depths_entry_try_elsewhere_first, layout_loops_ring,
          uniq_jorgrun
Lair:1:   layout_roguey
Lair:2:   layout_chaotic_city, minmay_shoals_entry_centaurs, basic_altar,
          nicolae_quartered_pool_little
Lair:3:   dpeg_oklob_gauntlet, layout_long_grid, dummy_snake_entry,
          gammafunk_ghost_hydra_chop
Lair:4:   layout_hall_layers, special_room [special_room_bee],
          infiniplex_staircase_pool_2, grunt_megastairs_3
Lair:5:   gammafunk_indiana_jones, layout_long_grid, slime_altar_2,
          serial_bayou_pond_d
Lair:6:   evil_forest, layout_regular_city, minmay_lair_drake_nest
Shoals:1: layout_shoals, uniq_aizul, uniq_nikola
Shoals:2: nzn_motion_control, layout_shoals, centaur_isle
Shoals:3: layout_shoals, nicolae_shoals_water_booths, uniq_polyphemus
Shoals:4: shoals_end_grunt_ice, layout_shoals, shoals_ilsuiw_ice,
          overgrown_hall, uniq_roxanne
Snake:1:  layout_onion, serial_shops, nicolae_shop_hallway_stairs
Snake:2:  layout_cave_pods, nicolae_snake_ghostly_warrior_ritual
Snake:3:  layout_chambers
Snake:4:  snake_hunt, layout_cave_town, grunt_megastairs_2, minmay_shop_star
Orc:1:    layout_caves
Orc:2:    st_orc_open, layout_diamond_mine, nicolae_orc_pool_cavern,
          uniq_erolcha
Vaults:1: vaults_standard_mumra_enter_the_diamond, v_misc_13, vaults_room_fours,
          vaults_room_large_hall, vaults_dpeg_spiral, v_misc_26,
          vaults_mumra_hex, v_misc_2, vaults_dpeg_cross, v_misc_16,
          nicolae_vaults_circle_grid_b, v_misc_10, vaults_mumra_lcd,
          layout_vaults_maze_bifur
Vaults:2: portal_desolation_entry_nicolae_slug,
          nicolae_vaults_windows_and_doors_thing,
          minmay_crypt_entry_simple_walls, nicolae_vaults_network_quincunx
          [nicolae_vaults_network_quincunx_subvault,
          nicolae_vaults_network_quincunx_subvault,
          nicolae_vaults_network_quincunx_subvault,
          nicolae_vaults_network_quincunx_subvault,
          nicolae_vaults_network_quincunx_subvault], nicolae_vaults_triangles,
          vaults_room_grid, v_pattern_2, hangedman_vaults_capsules,
          hangedman_vaults_stretched_pinwheel, ontoclasm_vaults_shuriken,
          grunt_vaults_focal, nicolae_vaults_disjoint_gnomons,
          nicolae_vaults_little_squares_6, ontoclasm_vaults_fault,
          vaults_dpeg_ring, grunt_vaults_hallway_short, layout_vaults_omnibox,
          uniq_frederick
Vaults:3: hangedman_vaults_restitches, nicolae_vaults_angled_halls,
          grunt_vaults_diagonal, ontoclasm_vaults_ligature,
          hangedman_vaults_locks, nicolae_vaults_ring_of_whatevers,
          nicolae_vaults_rhombus_5, layout_vaults_omnigrid, uniq_margery,
          uniq_sojobo
Depths:1: layout_small_grid, minmay_misc_feat_ornament, pf_coc_iceberg,
          minmay_misc_feat_plants, lemuel_nasty_fountain
Depths:2: grunt_runaround [grunt_runaround_doors_1, grunt_runaround_doors_2,
          grunt_runaround_doors_3, grunt_runaround_doors_4,
          grunt_runaround_loot], hell_entry, pan_entry, abyss_entry
Hell

Skill      XL: |  1  2  3  4  5  6  7  8  9 10 11 12 13 14 15 16 17 18 19 20 21 |
---------------+----------------------------------------------------------------+-----
Axes           | 4 5 6 7 8 10 12 13 15 17 19 20 21 22 23 24 | 24.0
Fighting       | 4 5 7 8 9 11 12 13 16 19 21 23 24 25 26 27 | 27.0
Evocations     | 1 2 3 4 5 6 7 8 9 10 11 12 13 14 | 14.1
Dodging        | 3 4 5 6 7 8 9 10 11 12 13 14 15 | 15.9
Armour         | 3 4 5 6 7 8 10 12 13 14 15 16 17 | 17.8
Stealth        | 1 2 3 |  3.4
Shields        | 2 4 5 6 7 |  7.1
Throwing       | |  0.9

Action                   |  1- 3 |  4- 6 |  7- 9 | 10-12 | 13-15 | 16-18 | 19-21 || total
-------------------------+-------+-------+-------+-------+-------+-------+-------++-------
Melee: Hand axe          |    66 |    19 |       |       |       |       |       ||    85
       Headbutt          |     9 |    16 |    31 |    96 |   173 |   232 |   209 ||   766
       Punch             |     1 |       |       |       |       |       |       ||     1
       Battleaxe         |       |    60 |   172 |   391 |   196 |       |       ||   819
       Executioner's axe |       |       |       |       |   521 |  1088 |   878 ||  2487
Throw: Throwing net      |       |       |       |       |       |    11 |       ||    11
Invok: Berserk           |       |     1 |     2 |     8 |     9 |    15 |     8 ||    43
       Trog's Hand       |       |       |     1 |       |       |     4 |       ||     5
       Brothers in Arms  |       |       |       |       |       |     1 |     1 ||     2
Evoke: Wand              |       |       |     4 |       |       |    60 |       ||    64
       Phantom mirror    |       |       |       |       |       |     1 |       ||     1
  Use: Scroll            |       |       |     6 |     5 |    19 |    26 |     7 ||    63
       Potion            |       |       |     3 |       |     1 |    24 |     2 ||    30
 Stab: Held in net/web   |       |       |       |       |       |     1 |       ||     1
       Sleeping          |       |       |       |       |       |     2 |     8 ||    10
       Petrified         |       |       |       |       |       |     1 |       ||     1
Armor: Animal skin       |    16 |     1 |       |       |       |       |       ||    17
       Scale mail        |       |    23 |       |       |       |       |       ||    23
       Ring mail         |       |     1 |       |       |       |       |       ||     1
       Plate armour      |       |     3 |   140 |   314 |       |       |   287 ||   744
       Chain mail        |       |       |       |    66 |   388 |   654 |   220 ||  1328
       Skin              |       |       |       |       |       |    30 |       ||    30
Dodge: Dodged            |    48 |    49 |   109 |   288 |   665 |   914 |   468 ||  2541
Block: Other             |       |       |       |       |       |   263 |   167 ||   430
       Reflection        |       |       |       |       |       |    59 |    18 ||    77
